 Dungeon Crawl Stone Soup version 0.17-a0-2093-gc772f4b (webtiles) character file.

58 Ishikawa the Magician (level 3, -4/25 HPs)
             Began as a Mummy Wizard on Oct 16, 2015.
             Slain by an adder (5 damage)
             ... on level 2 of the Dungeon.
             The game lasted 00:05:51 (1295 turns).

Ishikawa the Magician (Mummy Wizard)                Turns: 1295, Time: 00:05:52

Health: -4/25      AC:  3    Str: 10    XL:     3   Next: 75%
Magic:  1/8        EV: 12    Int: 18    God:
Gold:   97         SH:  0    Dex: 10    Spells: 3 memorised, 4 levels left

rFire  x . .     SeeInvis .     d - +0 mace
rCold  + . .     Clarity  .     a - +0 robe
rNeg   + + +     SustAt   .     (no shield)
rPois  ∞         Gourm    .     b - +0 hat
rElec  .         Spirit   .     h - +0 cloak
rCorr  .         Warding  .     (no gloves)
rMut   .         Stasis   .     (no boots)
MR     .....                    (no amulet)
Stlth  ++........               (no ring)
                                (no ring)

@: very slightly contaminated, not resistant to hostile enchantments, unstealthy
A: no food or potions, fire vulnerability, cold resistance 1, negative energy
resistance 3, torment resistance, unbreathing
a: no special abilities


You were on level 2 of the Dungeon.
You were not hungry.

You visited 1 branch of the dungeon, and saw 2 of its levels.

You collected 97 gold pieces.

Inventory:

Hand Weapons
 d - a +0 mace (weapon)
Armour
 a - a +0 robe (worn)
 b - a +0 hat (worn)
 h - a +0 cloak (worn)
Scrolls
 e - a scroll of magic mapping {unknown}
 f - a scroll of identify {unknown}
 i - a scroll of immolation {unknown}
 j - a scroll of random uselessness {unknown}
 k - a scroll of enchant armour {unknown}
Books
 c - a book of Minor Magic

   Spells                             Type                      Level
   a - Magic Dart                     Conjuration                  1
   b - Blink                          Translocation                2
   c - Call Imp                       Summoning                    2
   d - Repel Missiles                 Charms/Air                   2
   e - Slow                           Hexes                        2
   f - Conjure Flame                  Conjuration/Fire             3
   g - Mephitic Cloud                 Conjuration/Poison/Air       3
 g - a book of Callings

   Spells                             Type                      Level
   a - Summon Small Mammal            Summoning                    1
   b - Call Imp                       Summoning                    2
   c - Call Canine Familiar           Summoning                    3
   d - Summon Guardian Golem          Hexes/Summoning              3
   e - Summon Lightning Spire         Summoning/Air                4
   f - Summon Ice Beast               Ice/Summoning                4


   Skills:
 + Level 0.4 Fighting
 + Level 0.1 Maces & Flails
 + Level 1.6 Dodging
 - Level 1.6 Stealth
 - Level 4.0 Spellcasting
 + Level 1.3 Conjurations
 + Level 1.0 Summonings
   Level 0.7 Translocations


You had 4 spell levels left.
You knew the following spells:

 Your Spells              Type           Power        Failure   Level  Hunger
a - Magic Dart            Conj           #...         12%         1    N/A
b - Call Imp              Summ           #.......     14%         2    N/A
c - Mephitic Cloud        Conj/Pois/Air  #.......     43%         3    N/A

Dungeon Overview and Level Annotations

Branches:
Dungeon (2/15)

Altars:
Ashenzari

Annotations:
D:2 Terence


Innate Abilities, Weirdness & Mutations

You do not eat or drink.
Your flesh is vulnerable to fire.
You are immune to poison.
Your flesh is cold resistant.
You are immune to negative energy.
You are immune to unholy pain and torment.
You can survive without breathing.


Message History

Aim: Terence, wielding a morningstar of draining and wearing a scale mail Attack!
Your shadow imp gestures at Terence.
Terence resists with some effort.
You closely miss Terence.
Terence hits you with a morningstar of draining!
Ouch! That really hurt!
Terence closely misses you.
Your crimson imp hits Terence but does no damage.
Your shadow imp hits Terence but does no damage.
Your crimson imp blinks!
An adder comes into view.
You closely miss Terence. Terence closely misses you.
You hit Terence.
Terence is lightly wounded.
The adder bites you but does no damage.
Your shadow imp hits Terence.
Terence hits you with a morningstar of draining!
* * * LOW HITPOINT WARNING * * *
The adder bites you.
You die...

####@#####.......#
...(.# #...5...#
..g### #.......#
.#.# #.......#
.#.# #######.#
.#.# #5# .#.. #5#
.#.@ #@# .#(.. #@#
.#.## #.S...... .#
######### .# .# .#
.# .# .#


You could see Terence, an adder, a friendly crimson imp and a friendly shadow
imp.

Vanquished Creatures
  3 adders (D:2)
  A worm (D:2)
  2 giant geckos
  2 ball pythons (D:1)
  A bat (D:2)
  7 goblins
  4 hobgoblins
  2 kobolds
  3 giant newts
  2 rats
27 creatures vanquished.

Notes
Turn   | Place    | Note
--------------------------------------------------------------
     0 | D:1      | Ishikawa the Mummy Wizard began the quest for the Orb.
     0 | D:1      | Reached XP level 1. HP: 13/13 MP: 4/4
   245 | D:1      | Reached XP level 2. HP: 19/19 MP: 1/6
   250 | D:1      | Learned a level 2 spell: Call Imp
   684 | D:2      | Reached skill level 1 in Conjurations
   799 | D:2      | Found a shattered altar of Ashenzari.
   858 | D:2      | Reached XP level 3. HP: 15/24 MP: 2/8
   863 | D:2      | Learned a level 3 spell: Mephitic Cloud
   954 | D:2      | Reached skill level 1 in Summonings
  1035 | D:2      | Reached skill level 4 in Spellcasting
  1083 | D:2      | Noticed Terence
  1295 | D:2      | HP: 1/25 [Terence/morningstar of draining (10)]
  1295 | D:2      | Slain by an adder

Vault maps used:
D:1:      dpeg_arrival_round_c
D:2:      grunt_temple_overflow_order_and_chaos_2, evilmike_ruin_ashenzari,
          nicolae_overflow_hidden_temple, uniq_terence

Action                   || total
-------------------------++-------
Melee: Mace              ||    36
       Unarmed           ||     2
 Cast: Magic Dart        ||    49
       Call Imp          ||     6
       Mephitic Cloud    ||     1
 Stab: Confused          ||     1
